 Dungeon Crawl Stone Soup version 0.20.0-15-g7f486f2 (webtiles) character file.

24 robba the Grave Robber (level 3, -7/25 HPs)
             Began as a Human Necromancer on June 26, 2017.
             Killed by nerve-wracking pain
             ... invoked by Jessica
              (14 damage)
             ... on level 1 of the Dungeon.
             The game lasted 00:10:27 (1224 turns).

robba the Grave Robber (Human Necromancer)          Turns: 1224, Time: 00:10:27

Health: -7/25      AC:  3    Str: 12    XL:     3   Next: 15%
Magic:  2/6        EV: 12    Int: 16    God:
Gold:   83         SH:  0    Dex: 13    Spells: 1/6 levels left

rFire    . . .     SeeInvis .   e - +0 short sword
rCold    . . .     Gourm    .   (no shield)
rNeg     . . .     Faith    .   f - +0 leather armour
rPois    .         Spirit   .   (no helmet)
rElec    .         Reflect  .   (no cloak)
rCorr    +         Harm     .   (no gloves)
MR       .....                  (no boots)
Stlth    ++........             (no amulet)
Regen    0.1/turn               j - ring of resist corrosion
MPRegen  0.1/turn               g - +4 ring of strength

@: no status effects
A: no striking features
a: no special abilities


You were on level 1 of the Dungeon.
You were not hungry.

You visited 1 branch of the dungeon, and saw 2 of its levels.

You collected 83 gold pieces.

Inventory:

Hand Weapons
 e - a +0 short sword (weapon)
Missiles
 i - 27 stones (quivered)
Armour
 a - a +0 robe
 f - a +0 leather armour (worn)
Jewellery
 g - a +4 ring of strength (right hand)
 j - a ring of resist corrosion (left hand)
Scrolls
 k - a scroll of random uselessness {unknown}
 m - a scroll of identify {unknown}
Potions
 d - 2 potions of agility {unknown}
Books
 b - a book of Necromancy

   Spells                             Type                      Level
   a - Pain                           Necromancy                   1
   b - Animate Skeleton               Necromancy                   1
   c - Vampiric Draining              Necromancy                   3
   d - Regeneration                   Charms/Necromancy            3
   e - Animate Dead                   Necromancy                   4
   f - Control Undead                 Necromancy                   4
Comestibles
 c - a bread ration
 h - a chunk of flesh


   Skills:
 + Level 0.6 Fighting
 + Level 0.4 Armour
 + Level 2.1 Dodging
 + Level 2.1 Stealth
 + Level 2.2 Spellcasting
 + Level 4.3 Necromancy


You had one spell level left.
You knew the following spells:

 Your Spells              Type           Power        Failure   Level  Hunger
a - Pain                  Necr           ###.         4%          1    #......
b - Animate Skeleton      Necr           N/A          4%          1    #......
c - Vampiric Draining     Necr           ###.......   13%         3    ###....


Dungeon Overview and Level Annotations

Branches:
Dungeon (2/15)

Altars:

Annotations:
D:1 Jessica


Message History

Jessica misses you.
Jessica gestures wildly while chanting.
Jessica blinks!
Jessica mumbles something strange.
Jessica gestures wildly.
Jessica casts a spell.
Jessica blinks!
Jessica looks very angry.
Jessica casts a spell at you. You resist with some effort.
Casting: Pain
Confirm with . or Enter, or press ? or * to list all spells.
Aiming: Pain
Press: ? - help, Shift-Dir - straight line, f/p - Jessica
Aim: Jessica, wielding a club and wearing a robe (chance to defeat MR: 80%) Jessica writhes in agony!
Jessica points at you and mumbles some strange words.
Pain shoots through your body!
Ouch! That really hurt!
You die...

#.## ##...## #.# #.#
##'## #@# ..# #.# #.#
### #.# #.# # ##.##
#.# # ###...### #.# #
####.......# #.#
####........#.######.#
.....##.##......@.@..#
#######.#####.########
#.#####.# #.......#
#########


You could see Jessica.

Vanquished Creatures
  A dart slug (D:1)
  2 leopard geckos (D:1)
  4 bats (D:1)
  A giant cockroach (D:1)
  A goblin (D:1)
  2 hobgoblins
  A quokka (D:2)
  A frilled lizard (D:2)
  2 kobolds (D:1)
  2 rats (D:1)
17 creatures vanquished.

Vanquished Creatures (collateral kills)
  A dart slug (D:1)
  A frilled lizard (D:1)
  A rat (D:1)
3 creatures vanquished.

Grand Total: 20 creatures vanquished

Notes
Turn   | Place    | Note
-------+----------+-------------------------------------------
     0 | D:1      | robba the Human Necromancer began the quest for the Orb.
     0 | D:1      | Reached XP level 1. HP: 13/13 MP: 3/3
    31 | D:1      | Learned a level 1 spell: Animate Skeleton
   231 | D:1      | Reached XP level 2. HP: 14/19 MP: 1/5
   842 | D:1      | Reached XP level 3. HP: 18/24 MP: 3/6
  1045 | D:1      | Learned a level 1 spell: Animate Skeleton
  1049 | D:1      | Learned a level 3 spell: Vampiric Draining
  1173 | D:2      | Noticed Jessica
  1224 | D:1      | Killed from afar by Jessica

Action                   || total
-------------------------++-------
Melee: Short sword       ||    26
 Cast: Pain              ||    25
       Animate Skeleton  ||     9
  Use: Scroll            ||     3
  Eat: Chunk             ||     1
Armor: Leather armour    ||    16
Dodge: Dodged            ||    43
